 Dungeon Crawl Stone Soup version 0.13.0-11-g0187522 (console) character file.

100 Illaniel the Charmwright (level 2, -2/18 HPs)
             Began as a High Elf Skald on Oct 18, 2013.
             Slain by Eustachio
             ... wielding a +0,+0 sabre
              (5 damage)
             ... on Level 3 of the Dungeon.
             The game lasted 00:03:23 (944 turns).

Illaniel the Charmwright (High Elf Skald)            Turns: 944, Time: 00:03:23

HP  -2/18        AC  6     Str 11      XL: 2   Next: 86%
MP   3/6         EV 10     Int 15      God:
Gold 75          SH  0     Dex 14      Spells:  3 memorised,  1 level left

Res.Fire  : . . .   See Invis. : .   a - +0 elf falchion
Res.Cold  : . . .   Warding    : .   b - +0 elf leather armour
Life Prot.: . . .   Conserve   : .   (no shield)
Res.Poison: .       Res.Corr.  : .   (no helmet)
Res.Elec. : .       Clarity    : .   (no cloak)
Sust.Abil.: . .     Spirit.Shd : .   p - +2 pair of gloves
Res.Mut.  : .       Stasis     : .   (no boots)
Res.Rott. : .       Flight     : .   (no amulet)
Saprovore : . . .                    (no ring)
                                     (no ring)

@: very slightly contaminated, hasted and slowed, not resistant to hostile
enchantments, unstealthy
A: no striking features
a: no special abilities


You were on level 3 of the Dungeon.
You were hungry.

You visited 1 branch of the dungeon, and saw 4 of its levels.

You collected 55 gold pieces.

Inventory:

Hand weapons
 a - a +0,+0 elven falchion (weapon)
Armour
 b - a +0 elven leather armour (worn)
 p - a +2 pair of gloves (worn)
Comestibles
 d - a bread ration
 f - a choko
 g - a pear
 m - a banana
 q - a rotting chunk of bat flesh
 r - a chunk of giant newt flesh
Scrolls
 e - 3 scrolls of identify {unknown}
 j - a scroll of remove curse {unknown}
 o - a scroll of blinking {unknown}
Books
 c - a book of Battle

   Spells                             Type                      Level
   *Infusion                          Charms                       1
   *Shroud of Golubria                Charms/Translocation         2
   *Song of Slaying                   Charms                       2
   Spectral Weapon                    Hexes/Charms                 3
   Regeneration                       Charms/Necromancy            3
   Song of Shielding                  Charms                       4


   Skills:
 + Level 2.2 Fighting
 + Level 3.1 Long Blades
 + Level 1.6 Armour
 + Level 1.3 Dodging
 + Level 2.5 Spellcasting
 + Level 3.7 Charms


You had one spell level left.
You knew the following spells:

 Your Spells              Type           Power        Failure   Level  Hunger
a - Infusion              Chrm           ##....       6%          1    #......
b - Song of Slaying       Chrm           ##........   10%         2    ##.....
h - Shroud of Golubria    Chrm/Tloc      #.........   17%         2    ##.....


Dungeon Overview and Level Annotations

Branches:
Dungeon (4/27)
 Temple: D:4-7

Altars:

Annotations:
D:2 Crazy Yiuf
D:3 Eustachio


Message History

Eustachio mumbles some strange words.
You completely miss Eustachio. Eustachio hits you with a sabre!
* * * LOW HITPOINT WARNING * * *
Drink which item? (? for menu, Esc to quit)
You feel yourself slow down.
It was a potion of slowing.
Eustachio closely misses you.
Drink which item? (? for menu, Esc to quit)
You feel yourself speed up.
It was a potion of speed.
Eustachio mumbles some strange words.
Eustachio casts a spell.
You are very lightly contaminated with residual magic.
You miss Eustachio.
You are feeling less magically infused.
You are feeling hungry.
Eustachio hits you but does no damage.
You closely miss Eustachio.
Eustachio mumbles some strange words.
You hit Eustachio.
Eustachio is lightly wounded.
Eustachio hits you with a sabre.
You die... ∙∙∙ ▒∙∙∙∙∙∙ ▒∙∙∙∙∙∙∙ ▒▒▒∙∙∙∙∙∙∙∙ ∙∙∙∙∙∙∙∙∙∙∙ ∙∙∙∙∙∙∙∙ ▒∙∙∙∙∙ ▒▒▒▒▒ ▒▒@▒▒ ▒▒@▒▒ ∙∙∙∙∙∙∙▒▒▒▒ ∙∙∙∙∙∙∙o∙∙∙

▒▒▒▒▒▒∙∙∙∙∙∙∙
▒∙∙▒▒▒▒▒▒
▒∙∙▒ ▒∙∙▒
▒∙∙▒ ∙∙∙


You could see Eustachio and an orc.

Vanquished Creatures
  2 orcs (D:3)
  2 ball pythons (D:1)
  A bat (D:2)
  5 goblins (D:1)
  2 hobgoblins
  2 jackals (D:1)
  A giant gecko (D:2)
  A giant newt (D:2)
  A kobold (D:1)
  7 rats (D:1)
24 creatures vanquished.

Notes
Turn   | Place    | Note
--------------------------------------------------------------
     0 | D:1      | Illaniel, the High Elf Skald, began the quest for the Orb.
     0 | D:1      | Reached XP level 1. HP: 13/13 MP: 4/4
   101 | D:1      | Reached skill level 1 in Armour
   247 | D:1      | Reached XP level 2. HP: 15/18 MP: 1/6
   472 | D:1      | Learned a level 2 spell: Song of Slaying
   475 | D:1      | Learned a level 2 spell: Shroud of Golubria
   690 | D:2      | Noticed Crazy Yiuf
   790 | D:4      | Noticed Eustachio
   944 | D:3      | Slain by Eustachio

Action                   || total
-------------------------++-------
Melee: Falchion          ||    61
 Cast: Infusion          ||    18
       Shroud of Golubri ||     2
  Use: Potion            ||     2
